Map: Frozen Temple

Players

Nickos - Winner!

  • Race: Terran Terran
  • League: Gold

SmartGuy

  • Race: Protoss Protoss
  • League: Gold

VOD

Have the link to the VOD?

Description

Time

  • Played on: Sept. 26, 2016, 7:33 p.m.
  • Length: 16:05
Show
View Real Time Build Order
Export as new Build Order

Nickos Terran - Winner!

Build Orders:  

Get SALT Encoding   

  12  0:01  SCV  
  13  0:13  SCV  
  14  0:18  Supply Depot  
  14  0:25  SCV  
  15  0:40  SCV  
  15  0:42  Barracks  
  16  0:52  SCV  
  18  1:04  SCV  
  18  1:16  SCV  
  19  1:20  Command Center  
  19  1:30  Orbital Command  
  19  1:31  Marine  
  20  1:44  Barracks  
  20  1:51  Marine  
  21  1:55  Supply Depot  
  21  1:59  SCV  
  22  2:09  Marine  
  23  2:17  SCV  
  23  2:20  Barracks  
  24  2:22  Refinery  
  24  2:24  Refinery  
  24  2:29  SCV  
  25  2:34  Orbital Command  
  25  2:37  Marine x2  
  25  2:41  SCV  
  28  2:53  SCV  
  29  2:59  SCV  
  30  3:05  SCV  
  30  3:08  Barracks Tech Lab  
  30  3:11  Supply Depot, SCV  
  30  3:12  Barracks Reactor  
  32  3:14  Barracks Reactor  
  32  3:18  SCV  
  33  3:23  SCV  
  34  3:30  SCV  
  34  3:31  Stimpack  
  35  3:36  SCV  
  36  3:42  SCV  
  36  3:47  Supply Depot  
  37  3:51  Marine x2  
  37  3:52  Factory, Marine x3  
  42  3:56  SCV x2  
  43  4:06  Bunker  
  43  4:08  SCV x2  
  45  4:13  Supply Depot  
  45  4:14  Engineering Bay  
  45  4:15  Engineering Bay  
  45  4:17  Marine x5  
  31  4:51  Marine x2  
  31  4:52  Marine x3  
  36  4:56  SCV  
  37  5:00  Factory Reactor  
  37  5:08  SCV  
  37  5:09  Marine x2  
  37  5:11  SCV  
  37  5:12  Starport, Marine  
  42  5:19  Missile Turret  
  42  5:21  SCV  
  42  5:23  Terran Infantry Weapons Level 1  
  43  5:34  SCV  
  43  5:35  SCV  
  45  5:36  Marine x5  
  45  5:42  Missile Turret  
  50  5:53  Marine  
  51  6:00  Marine x2  
  51  6:01  Marine x2  
  55  6:10  Medivac x2  
  59  6:11  Marine  
  59  6:17  SCV x2  
  59  6:18  Marine  
  63  6:29  SCV  
  63  6:33  Marine x2  
  63  6:34  Marine x2  
  64  6:42  SCV x2  
  64  6:43  Terran Infantry Armor Level 1  
  66  6:52  Marauder  
  61  6:54  SCV  
  57  7:01  Liberator  
  48  7:15  Marine  
  48  7:16  Marine x4  
  56  7:33  Marine  
  56  7:35  Command Center  
  57  7:37  Marine x2  
  57  7:38  Marine x2  
  57  7:39  Medivac  
  57  7:43  Supply Depot  
  63  7:44  Supply Depot  
  63  8:01  Medivac  
  65  8:23  Marine x5  
  66  8:41  Marine x4  
  68  8:46  Marine  
  71  8:52  Orbital Command  
  71  8:58  Marine  
  71  8:59  Marine x2  
  74  9:05  SCV x2  
  74  9:06  Marine x2  
  78  9:12  Supply Depot  
  78  9:13  Supply Depot  
  78  9:17  SCV  
  78  9:18  SCV  
  78  9:19  Missile Turret  
  80  9:29  SCV  
  80  9:30  SCV  
  82  9:33  Marine  
  82  9:34  Marine x4  
  82  9:35  Medivac  
  89  9:47  Medivac  
  89  9:50  SCV x2  
  89  9:51  Marine x2  
  89  9:52  Marine x2  
  97  9:56  Supply Depot  
  97  10:02  SCV x2  
  97  10:05  Medivac  
  84  10:17  Medivac  
  84  10:25  Marine x4  
  84  10:26  Marine  
  89  10:35  Medivac  
  91  10:43  Marine x5  
  91  10:47  Medivac  
  98  11:00  Marine  
  98  11:03  Marine x2  
  98  11:04  Marine x2  
  101  11:05  Medivac  
  78  11:18  Marine  
  78  11:21  Marine x2  
  78  11:22  Marine  
  80  11:35  Armory  
  80  11:40  Marauder  
  82  11:48  Liberator  
  82  11:49  Liberator  
  79  11:55  Marine x3  
  79  11:56  Marine  
  83  12:01  Marauder  
  83  12:04  SCV x2  
  91  12:16  SCV  
  91  12:23  Marauder  
  91  12:25  Marine  
  91  12:26  Marine x3  
  97  12:31  Liberator  
  97  12:41  Barracks  
  97  12:43  Barracks, Marine  
  100  12:44  Marine, Marauder  
  100  12:45  Marine x2  
  100  12:46  Barracks  
  100  12:49  Barracks  
  106  12:54  Barracks  
  106  13:01  Marine  
  106  13:02  Marine  
  106  13:03  Medivac, Marine x2  
  112  13:08  Refinery x2  
  112  13:14  Marauder  
  112  13:16  Combat Shields  
  112  13:17  Liberator  
  112  13:18  Command Center  
  114  13:27  Marine x4  
  114  13:31  Barracks Tech Lab x2  
  114  13:32  Barracks Tech Lab  
  121  13:45  SCV  
  121  13:46  SCV x2  
  124  13:51  Barracks Tech Lab x2  
  124  13:54  Marine  
  125  14:03  Marine  
  125  14:10  Marine  
  125  14:11  Marine  
  125  14:12  Marine  
  125  14:14  Marauder  
  123  14:31  Supply Depot  
  123  14:32  Supply Depot  
  123  14:34  Supply Depot  
  123  14:36  Supply Depot, Marine  
  123  14:37  Marauder  
  126  14:53  SCV x2, Marauder, Marine x4  
  126  14:54  Marauder x3  
  126  14:58  Marauder  
  126  14:59  Marine  
  133  15:05  SCV  
  123  15:10  Marine x2  
  123  15:11  Marauder  
  118  15:15  Marauder x2  
  118  15:16  Marauder x2  
  118  15:19  Marauder  
  118  15:20  Marine x2  
  130  15:28  Marine x2  
  130  15:32  Marauder  
  130  15:33  Medivac x2  
  138  15:36  Marauder  
  138  15:37  Marine, Marauder x3  
  138  15:38  Supply Depot, Marine  
  138  15:41  Marauder  
  150  15:46  Marine x2  
Show
View Real Time Build Order
Export as new Build Order

SmartGuy Protoss 

Build Orders: 1 Gate Expand, Oracle Opening 

Get SALT Encoding   

  12  0:03  Probe (Chrono Boost)  
  13  0:14  Probe (Chrono Boost)  
  14  0:22  Pylon  
  14  0:26  Probe (Chrono Boost)  
  15  0:40  Probe (Chrono Boost)  
  16  0:43  Gateway  
  16  0:49  Assimilator  
  16  0:51  Probe (Chrono Boost)  
  17  1:01  Probe (Chrono Boost)  
  18  1:12  Probe (Chrono Boost)  
  19  1:25  Nexus  
  19  1:28  Probe (Chrono Boost)  
  20  1:38  Cybernetics Core  
  20  1:46  Assimilator  
  21  1:47  Probe (Chrono Boost)  
  21  1:57  Probe (Chrono Boost), Pylon  
  22  2:11  Probe (Chrono Boost)  
  22  2:15  Adept  
  25  2:16  Warp Gate  
  25  2:22  Probe (Chrono Boost)  
  26  2:29  Stargate  
  26  2:32  Probe (Chrono Boost)  
  27  2:44  Gateway  
  27  2:53  Pylon  
  27  2:55  Probe x2 (Chrono Boost)  
  29  3:05  Probe (Chrono Boost)  
  30  3:10  Adept  
  30  3:11  Oracle  
  32  3:19  Mothership Core (Chrono Boost)  
  37  3:27  Probe (Chrono Boost)  
  37  3:31  Adept  
  40  3:38  Probe x2 (Chrono Boost)  
  42  3:42  Pylon  
  42  3:49  Adept  
  42  3:52  Probe (Chrono Boost)  
  42  3:53  Probe (Chrono Boost)  
  46  4:02  Probe (Chrono Boost)  
  47  4:05  Probe (Chrono Boost)  
  48  4:13  Probe (Chrono Boost)  
  50  4:17  Probe (Chrono Boost)  
  50  4:34  Probe (Chrono Boost)  
  50  4:36  Probe (Chrono Boost)  
  47  5:03  Gateway  
  47  5:04  Gateway  
  47  5:09  Gateway, Adept x2  
  47  5:10  Gateway  
  47  5:12  Twilight Council  
  51  5:20  Assimilator  
  51  5:21  Assimilator  
  51  5:30  Adept x2  
  55  5:42  Gateway  
  55  5:45  Gateway, Robotics Facility  
  55  5:49  Adept  
  57  5:51  Adept  
  59  6:02  Resonating Glaives  
  59  6:11  Pylon  
  59  6:12  Pylon, Oracle  
  59  6:14  Pylon  
  59  6:15  Nexus  
  59  6:16  Pylon  
  56  6:33  Adept x5  
  56  6:34  Adept  
  51  7:00  Adept x2  
  51  7:01  Adept x2  
  31  7:17  Pylon  
  31  7:18  Probe (Chrono Boost)  
  31  7:20  Probe (Chrono Boost)  
  33  7:25  Warp Prism  
  33  7:29  Probe (Chrono Boost), Adept x4  
  44  7:32  Probe (Chrono Boost)  
  45  7:39  Probe (Chrono Boost)  
  45  7:40  Adept x4  
  56  7:46  Mothership Core (Chrono Boost)  
  56  7:50  Probe (Chrono Boost)  
  57  8:00  Probe (Chrono Boost)  
  59  8:05  Probe (Chrono Boost)  
  59  8:17  Adept  
  59  8:18  Adept x2  
  59  8:19  Adept  
  55  8:57  Pylon  
  55  9:02  Stalker x2  
  59  9:07  Pylon  
  59  9:28  Pylon  
  59  9:34  Probe (Chrono Boost)  
  60  9:45  Adept  
  62  9:46  Stalker x3  
  62  9:47  Stalker x2  
  62  9:52  Nexus  
  72  9:53  Pylon  
  72  9:55  Pylon  
  72  10:04  Adept x2  
  56  10:13  Adept  
  56  10:14  Adept x5  
  48  10:20  Adept x2  
  48  10:21  Adept x3  
  44  10:27  Pylon  
  44  10:32  Immortal  
  48  10:48  Adept  
  48  10:49  Adept x2  
  54  10:50  Stalker x2  
  58  11:01  Adept  
  58  11:02  Adept  
  62  11:07  Stalker  
  58  11:21  Stalker x2  
  62  11:26  Warp Prism  
  64  11:37  Probe x2 (Chrono Boost)  
  64  11:38  Probe (Chrono Boost)  
  63  11:59  Adept x4  
  71  12:45  Probe (Chrono Boost)  
  71  12:46  Probe (Chrono Boost)  
  73  12:53  Templar Archives  
  73  12:55  Probe (Chrono Boost), Pylon  
  73  12:56  Probe (Chrono Boost)  
  73  12:57  Pylon  
  76  12:58  Probe (Chrono Boost)  
  76  13:00  Assimilator  
  76  13:02  Assimilator  
  76  13:06  Probe x2 (Chrono Boost), Adept x3  
  76  13:07  Adept, Stalker x2  
  76  13:08  Stalker x2  
  94  13:24  Blink  
  94  13:29  Psionic Storm, Forge  
  94  13:31  Forge  
  94  13:35  High Templar x2  
  94  13:38  Adept x2  
  94  13:40  Archon  
  102  13:54  Adept x3  
  102  13:55  Adept  
  74  14:47  High Templar x3  
  74  14:48  Stalker  
  74  14:52  Zealot x4  
  90  14:54  Archon  
  56  15:13  Adept x5  
  52  15:31  Stalker  
  52  15:32  Stalker x2  
  58  15:57  Adept x6  
Tags
 
Add a new tag
Caveats
  • Supply blocks, unpowered buildings, or Contaminate may cause inaccurate times.
  • Supply counts are checked every 10 seconds.